 Dungeon Crawl Stone Soup version 0.28-a0-1206-g193881aaa2 (webtiles) character file.

Game seed: 3579571719947748782

485 freelancePsychic the Ruffian (level 6, 0/62 HPs)
             Began as a Troll Monk on Dec 20, 2021.
             Slain by a killer bee (6 damage)
             ... on level 4 of the Dungeon.
             The game lasted 00:04:53 (3214 turns).

freelancePsychic the Ruffian (Troll Monk)           Turns: 3214, Time: 00:04:53

Health: 0/62       AC:  4    Str: 20    XL:     6   Next: 88%
Magic:  5/5        EV: 10    Int:  6    God:
Gold:   195        SH:  0    Dex: 14    Spells: 5/5 levels left

rFire   . . .      SeeInvis .     - Unarmed
rCold   . . .      Faith    .   (no shield)
rNeg    . . .      Spirit   .   a - +0 robe
rPois   .          Reflect  .   (helmet restricted)
rElec   .          Harm     .   (no cloak)
rCorr   .          Rampage  .   (gloves unavailable)
Will    .....                   (boots unavailable)
Stlth   ++........              (no amulet)
HPRegen 1.00/turn               (no ring)
MPRegen 0.09/turn               (no ring)

@: lethally poisoned (0 -> -1)
A: large, unfitting armour, claws 3, regeneration 1, shaggy fur 1, tough skin 1
a: no special abilities


You were on level 4 of the Dungeon.
You visited 1 branch of the dungeon, and saw 4 of its levels.

You collected 195 gold pieces.

Inventory:

Missiles
 g - 3 boomerangs
 m - 5 curare-tipped darts (quivered)
Armour
 a - a +0 robe (worn)
 p - a +0 tower shield
Wands
 r - a wand of acid (7)
Scrolls
 b - a scroll of fear {unknown}
 c - a scroll of magic mapping
 h - 2 scrolls of teleportation {unknown}
 l - a scroll of brand weapon {unknown}
 q - a scroll of vulnerability
 t - a scroll of blinking {unknown}
Potions
 e - a potion of brilliance {unknown}
 f - a potion of curing {@q1}
 i - 2 potions of attraction {unknown}
 j - 3 potions of degeneration {unknown}
 k - 2 potions of flight {unknown}
 n - a potion of lignification {unknown}
 s - a potion of haste {unknown}


   Skills:
 + Level 3.6 Fighting
 + Level 2.6 Throwing
 - Level 2.5 Dodging
 - Level 1.0 Stealth
 * Level 2.3 Shields
 + Level 5.3 Unarmed Combat


You had 5 spell levels left.
You didn't know any spells.
Your spell library contained the following spells:

 Spells                   Type           Power      Damage    Failure   Level
 Olgreb's Toxic Radiance  Pois           0%         N/A       99%         4
 Ozocubu's Refrigeration  Ice            0%         4d5       100%        7
 Ignition                 Fire           0%         3d3       100%        8


Dungeon Overview and Level Annotations

Branches:
Dungeon (4/15)
 Temple: D:4-7

Altars:

Annotations:
D:3 Sigmund


Innate Abilities, Weirdness & Mutations

You are too large for most types of armour.
You have claws for hands.
Your natural rate of healing is unusually fast.
You are covered in fur. (AC +1)
You have tough skin. (AC +1)


Message History

The killer bee is almost dead.
The killer bee stings you.
You are more poisoned.
The killer bee poisons you! The killer bee closely misses you.
You closely miss the killer bee.
The killer bee is almost dead.
You feel very sick. The killer bee stings you.
* * * LOW HITPOINT WARNING * * *
The killer bee stings you.
* * * LOW HITPOINT WARNING * * *
You closely miss the killer bee.
The killer bee is almost dead.
You feel sick. The killer bee stings you.
* * * LOW HITPOINT WARNING * * *
The killer bee misses you.
Throw: 5 darts (curare)
Press: ? - help, Q - select action, (/) - cycle Shift-Dir - straight line, f/p - killer bee
Aim: a killer bee (almost dead, 31% to hit)
Okay, then.
Okay, then.
You scratch the killer bee but do no damage.
The killer bee is almost dead.
You feel sick. The killer bee closely misses you.
You barely miss the killer bee.
The killer bee is almost dead.
You feel sick. The killer bee closely misses you. The killer bee stings you.
* * * LOW HITPOINT WARNING * * *
You are more poisoned.
The killer bee poisons you!
It was a potion of curing.
You feel better. The killer bee stings you.
* * * LOW HITPOINT WARNING * * *
The killer bee stings you.
* * * LOW HITPOINT WARNING * * *
You are poisoned.
The killer bee poisons you!
You scratch the killer bee.
The killer bee is almost dead.
You feel sick. The killer bee stings you.
You die...

#.## .## #†# #.#.
#.###...#### #.#
#.#.
##...............
#.#.
#.>........#.###.
#.#. #<...........
.##.#. #.........?#
.##.#. ##......<.#
.##.#.
#..##...###### #.##
#..y@.#......# #.#
##.##$..# #.. ...
#.###.## #.# .# # .#
#.# #.##.##.# #.#
#.....[ #
#.###.#####.##.##.#
#.................#.
###########.......#.
..........##....


You could see a killer bee.

Vanquished Creatures
  A bullfrog (D:4)
  A scorpion (D:4)
  3 killer bees (D:4)
  Ijyb (D:4)
  Jessica (D:3)
  An iguana (D:4)
  An orc wizard (D:4)
  3 adders
  2 worms (D:2)
  A dart slug (D:4)
  9 orcs
  8 endoplasms
  13 giant cockroaches
  5 goblins
  3 hobgoblins (D:1)
  14 jackals
  4 kobolds
  2 quokkas
  3 ball pythons
  2 bats
  4 frilled lizards (D:2)
  3 rats
85 creatures vanquished.

Notes
Turn   | Place    | Note
-------+----------+-------------------------------------------
     0 | D:1      | freelancePsychic the Troll Monk began the quest for the
                  | Orb.
     0 | D:1      | Reached XP level 1. HP: 22/22 MP: 0/0
   369 | D:1      | You fall into a shaft and drop 1 floor!
   379 | D:2      | Reached XP level 2. HP: 29/29 MP: 1/1
   613 | D:2      | Reached XP level 3. HP: 27/36 MP: 2/2
   866 | D:2      | Reached skill level 1 in Throwing
  1057 | D:2      | Reached skill level 4 in Unarmed Combat
  1603 | D:3      | Found a faded altar of an unknown god.
  1668 | D:3      | Reached XP level 4. HP: 44/44 MP: 3/3
  1860 | D:3      | Noticed Jessica
  1867 | D:3      | Killed Jessica
  1902 | D:3      | Noticed Sigmund
  2555 | D:4      | Noticed a scorpion
  2556 | D:4      | Noticed a bullfrog
  2559 | D:4      | Killed a scorpion
  2560 | D:4      | Reached skill level 1 in Shields
  2560 | D:4      | Reached XP level 5. HP: 47/53 MP: 4/4
  2569 | D:4      | Reached skill level 5 in Unarmed Combat
  2715 | D:4      | Noticed Ijyb
  2729 | D:4      | Killed Ijyb
  2730 | D:4      | Reached XP level 6. HP: 52/61 MP: 5/5
  3214 | D:4      | Slain by a killer bee

Illustrated notes

Levels and vault maps discovered:
D:1:      onia_arrival_pyramid, layout_basic
D:2:      minmay_roachtagon, layout_loops_ring
D:3:      layout_loops_corners, hellmonk_ecumenical_altar_slurped_away,
          hex_large, uniq_jessica, uniq_sigmund
D:4:      layout_loops_ring, uniq_ijyb

Skill      XL: |  1  2  3  4  5  6 |
---------------+-------------------+-----
Throwing       | 1 2 |  2.6
Unarmed Combat | 4 5 |  5.3
Fighting       | 3 |  3.6
Shields        | 1 2 |  2.3
Dodging        | |  2.5
Stealth        | |  1.0

Action                   |  1- 3 |  4- 6 || total
-------------------------+-------+-------++-------
Melee: Unarmed           |   110 |   134 ||   244
       Punch             |     1 |       ||     1
Throw: Boomerang         |       |     2 ||     2
  Use: Scroll            |       |     3 ||     3
       Potion            |       |     1 ||     1
 Stab: Sleeping          |     5 |     4 ||     9
       Distracted        |     1 |       ||     1
Armor: Robe              |    49 |    27 ||    76
Dodge: Dodged            |    81 |    57 ||   138

Table legend: (Time is in decaauts)
 A = Elapsed time spent in this place.
 B = Non-inter-level travel time spent in this place.
 C = Inter-level travel time spent in this place.
 D = Time resting spent in this place.
 E = Time spent auto-exploring this place.
 F = Levels seen in this place.
 G = Mean time per level.
                   A        B        C        D        E       F      G
               +--------+--------+--------+--------+--------+-----+--------+
         Total |   3195 |   3007 |    188 |     63 |   2364 |   4 |  798.8 |
       Dungeon |   3195 |   3007 |    188 |     63 |   2364 |   4 |  798.8 |
               +--------+--------+--------+--------+--------+-----+--------+

Top non-repeatable levels by time:
     D:3: 919 daAuts
     D:2: 826 daAuts
     D:1: 748 daAuts
     D:4: 700 daAuts
